AoeStats
← kimbo

Lombardia

508527678Analyzed
2v2 RM · 10d ago on Sep 22, 2026· 18m 9s· 4 players
Game mode
Random Map
Map size
Medium (4 player)
Population
200
Speed
Normal
Resources
Standard
Victory
Conquest
Starting age
Dark Age
Ending age
Imperial Age
RankedLock teamsTeams togetherTeam positionsShared explorationLock speedFull tech treeHidden civsTurbo modeCheats
Victory
Defeat
🇦🇷 Poles · Argentina
1308
+16
🇨🇭 Maya · Switzerland
1290
+17
🇦🇷 Vietnamese · Argentina
1340
-17
🇦🇷 Varangians · Argentina
1290
-16
alexminho
0:28 Loom
9:56 Feudal Age
10:48 Double-Bit Axe
13:38 Fletching
17:23 Padded Archer Armor
18:15 Horse Collar
Skavio22
6:47 Loom
9:18 Feudal Age
11:49 Double-Bit Axe
13:40 Horse Collar
16:50 Forging
18:53 Scale Barding Armor
kimbo
10:52 Feudal Age
11:29 Loom
Pingocho
11:51 Feudal Age
15:56 Castle Age
14:43 Scale Barding Armor
15:09 Bloodlines
Connection lost

Rejoining the realm…

Still unreachable

The connection could not be restored.

Session expired

The server has moved on; the page needs a fresh start.